 Dungeon Crawl Stone Soup version 0.24-a0-549-g45f0056d81 (webtiles) character file.

Game seed: 18073718731521482691

412 DasRunzen the Skirmisher (level 6, -6/56 HPs)
             Began as a Minotaur Fighter on Aug 19, 2019.
             Mangled by an ogre
             ... wielding a +0 giant club
              (15 damage)
             ... on level 4 of the Dungeon.
             The game lasted 00:04:24 (1847 turns).

DasRunzen the Skirmisher (Minotaur Fighter)         Turns: 1847, Time: 00:04:24

Health: -6/56      AC:  7    Str: 21    XL:     6   Next: 59%
Magic:  5/5        EV:  7    Int:  5    God:
Gold:   136        SH: 10    Dex: 11    Spells: 5/5 levels left

rFire    . . .     SeeInvis +   a - +0 war axe
rCold    . . .     Gourm    .   c - +0 shield
rNeg     . . .     Faith    .   b - +0 scale mail
rPois    .         Spirit   .   (helmet restricted)
rElec    .         Reflect  .   (no cloak)
rCorr    .         Harm     .   (no gloves)
MR       .....                  (no boots)
Stlth    ..........             (no amulet)
HPRegen  0.18/turn              e - ring of wizardry
MPRegen  0.09/turn              g - ring of see invisible

@: no status effects
A: retaliatory headbutt, horns 2
a: no special abilities


You were on level 4 of the Dungeon.
You were not hungry.

You visited 1 branch of the dungeon, and saw 4 of its levels.

You collected 136 gold pieces.

Inventory:

Hand Weapons
 a - a +0 war axe (weapon)
Armour
 b - a +0 scale mail (worn)
 c - a +0 shield (worn)
Jewellery
 e - a ring of wizardry (left hand)
 g - a ring of see invisible (right hand)
Scrolls
 h - a scroll of amnesia {unknown}
 l - a scroll of enchant weapon {unknown}
 m - a scroll of magic mapping {unknown}
Potions
 d - a potion of might
 i - a potion of haste {unknown}
 j - a potion of agility
 k - a potion of mutation {unknown}
 n - 2 potions of brilliance {unknown}
Comestibles
 f - 5 rations


   Skills:
 + Level 5.4 Fighting
 + Level 4.8 Axes
 + Level 5.4 Armour
 + Level 5.4 Shields


You had 5 spell levels left.
You didn't know any spells.
Your spell library contained the following spells:

 Spells                   Type           Power        Failure   Level  Hunger
 Beastly Appendage        Tmut           #.....       86%         1    ##.....
 Sticks to Snakes         Tmut           #.......     94%         2    ###....
 Spider Form              Tmut/Pois      #.........   99%         3    ####...
 Ice Form                 Ice/Tmut       #.......     100%        4    #####..
 Blade Hands              Tmut           #.........   100%        5    ######.


Dungeon Overview and Level Annotations

Branches:
Dungeon (4/15)
 Temple: D:4-7

Altars:
Ashenzari
Elyvilon
Fedhas
Hepliaklqana
Wu Jian
Xom


Innate Abilities, Weirdness & Mutations

You reflexively headbutt those who attack you in melee.
You have a pair of horns on your head.


Message History

You are too injured to fight recklessly!
You are too injured to fight recklessly!
Unknown command.
You are too injured to fight recklessly!
You are too injured to fight recklessly!
You are too injured to fight recklessly!
You completely miss the orc wizard.
The orc wizard is severely wounded.
The orc wizard points at you and mumbles some strange words.
The magic dart hits you!
* * * LOW HITPOINT WARNING * * *
You slash the orc wizard!
You kill the orc wizard!
You hit the ogre.
The ogre is lightly wounded.
The ogre barely misses you.
You hit the ogre.
The ogre is moderately wounded.
The ogre hits you with a +0 giant club!
You die...

##+# # ##...## #.#
##.....## ###...#
##.......## ....#
#.........####...##.#
+.........'.@O)......
#..........###...##.#
#.......#.# #.##
##.....##... #..
##...###..... ...
##†## #...!.# ...#
... #.# #......# ..#
... #.# #......#
.##.... ##.##
####.... .#...


You could see an ogre.

Vanquished Creatures
  2 scorpions (D:4)
  A howler monkey (D:4)
  A crimson imp (D:4)
  A hound (D:4)
  An orc wizard (D:4)
  An iguana (D:4)
  A hound skeleton (D:4)
  A gnoll (D:4)
  6 adders
  5 oozes
  An adder skeleton (D:4)
  A worm (D:2)
  2 dart slugs
  4 leopard geckos
  4 orcs
  3 ball pythons
  3 giant cockroaches
  3 goblins
  3 hobgoblins
  3 kobolds
  A quokka (D:4)
  6 bats
  5 frilled lizards
59 creatures vanquished.

Vanquished Creatures (others)
  A scorpion (D:4)
  A hound (D:4)
  An iguana (D:4)
  An orc (D:4)
  A leopard gecko skeleton (D:4)
5 creatures vanquished.

Grand Total: 64 creatures vanquished

Notes
Turn   | Place    | Note
-------+----------+-------------------------------------------
     0 | D:1      | DasRunzen the Minotaur Fighter began the quest for the Orb.
     0 | D:1      | Reached XP level 1. HP: 19/19 MP: 0/0
    81 | D:1      | Reached XP level 2. HP: 27/27 MP: 1/1
   161 | D:1      | You fall into a shaft and drop 1 floor!
   205 | D:2      | Found a faded altar of an unknown god.
   224 | D:2      | Reached XP level 3. HP: 25/33 MP: 2/2
   434 | D:2      | Found a hazy altar of Hepliaklqana.
   715 | D:3      | Found a white marble altar of Elyvilon.
   877 | D:3      | Found an ornate altar of the Wu Jian Council.
   878 | D:3      | Found a blossoming altar of Fedhas.
   886 | D:3      | Reached XP level 4. HP: 38/41 MP: 3/3
  1457 | D:4      | Found a shattered altar of Ashenzari.
  1491 | D:4      | Reached XP level 5. HP: 33/47 MP: 4/4
  1521 | D:4      | Found a shimmering altar of Xom.
  1613 | D:4      | Reached skill level 5 in Fighting
  1613 | D:4      | Reached skill level 5 in Shields
  1614 | D:4      | Reached skill level 5 in Armour
  1636 | D:4      | Reached XP level 6. HP: 41/56 MP: 5/5
  1847 | D:4      | Mangled by an ogre

Levels and vault maps discovered:
D:1:      dpeg_arrival_rhombi, layout_loops_ring, minmay_liquid_box
D:2:      layout_loops_cross, nicolae_overflow_crystal_walls,
          chequers_ecumenical_altar_island, minmay_misc_feat_nine_boxes
D:3:      minmay_chambers_of_twos, layout_basic, grunt_temple_overflow_open,
          old_standard_altar, first_ration, eino_curves_04,
          hangedman_decor_points
D:4:      layout_loops_corners, xom_confusion_cloud,
          nicolae_overflow_hidden_temple, nicolae_ashenzari_panopticon,
          minmay_between

Skill      XL: |  1  2  3  4  5 |
---------------+----------------+-----
Fighting       | 4 5 |  5.4
Armour         | 4 5 |  5.4
Axes           | 3 4 |  4.8
Shields        | 4 5 |  5.4

Action                   |  1- 3 |  4- 6 || total
-------------------------+-------+-------++-------
Melee: War axe           |    57 |    84 ||   141
       Headbutt          |     9 |    19 ||    28
  Use: Scroll            |     2 |     3 ||     5
  Eat: Ration            |       |     1 ||     1
Armor: Scale mail        |    26 |    38 ||    64
Dodge: Dodged            |    23 |    20 ||    43
Block: Shield            |    35 |    47 ||    82

Table legend:
 A = Non-vault XP
 B = Vault XP
 C = Vault XP percentage of total XP
 D = Non-vault monster count
 E = Vault monster count
 F = Vault count percentage of total count
                 A         B        C        D         E       F
            +---------+---------+-------+---------+---------+-------
      Total |     433 |     156 |  26.5 |      54 |       5 |   8.5
            +---------+---------+-------+---------+---------+-------
        D:1 |      31 |       0 |   0.0 |      12 |       0 |   0.0
        D:2 |      39 |       0 |   0.0 |      11 |       0 |   0.0
        D:3 |      85 |       0 |   0.0 |      17 |       0 |   0.0
        D:4 |     278 |     156 |  35.9 |      14 |       5 |  26.3
            +---------+---------+-------+---------+---------+-------
